Arena
508083398Analyzed3v3 RM
·
12d ago on Sep 20, 2026·
50m 53s·
6 players
Game mode
Random Map
Map size
Normal (6 player)
Population
200
Speed
Normal
Resources
Standard
Victory
Conquest
Starting age
Dark Age
Ending age
Imperial Age
RankedLock teamsTeams togetherTeam positionsShared explorationLock speedFull tech treeHidden civsTurbo modeCheats
Victory
Defeat
Replay analysis
RAGEgh
1:15
Loom
14:07
Feudal Age
16:57
Double-Bit Axe
25:28
Castle Age
24:31
Gold Mining
24:32
Stone Mining
27:35
Bow Saw
28:32
Fortified Wall
31:17
Wheelbarrow
33:49
Hand Cart
35:24
Horse Collar
35:55
Caravan
37:47
Great Wall
37:40
Arson
37:56
Squires
40:31
Town Watch
40:57
Great Wall
46:24
Imperial Age
44:04
Heavy Plow
46:06
Scale Barding Armor
46:11
Forging
46:02
Scale Mail Armor
46:03
Padded Archer Armor
45:53
Fletching
47:15
Elite Fire Lancer
48:55
Chain Barding Armor
49:10
Iron Casting
48:51
Chain Mail Armor
51:06
Bodkin Arrow
51:27
Leather Archer Armor
52:13
Blast Furnace
51:34
Chain Barding Armor
TupacInca 6293
0:28
Loom
10:30
Feudal Age
12:06
Double-Bit Axe
12:04
Horse Collar
22:41
Castle Age
22:29
Wheelbarrow
22:30
Stone Mining
22:42
Gold Mining
24:53
Champi Runner
24:54
Pikeman
25:41
Scale Mail Armor
25:51
Forging
33:09
Bow Saw
33:03
Heavy Plow
33:37
Champi Warrior
39:58
Imperial Age
39:32
Andean Sling
42:13
Fabric Shields
Leggy Mountbatten
0:30
Loom
11:19
Feudal Age
11:41
Horse Collar
11:52
Gold Mining
19:13
Castle Age
17:35
Double-Bit Axe
19:15
Stone Mining
19:35
Arson
20:40
Heavy Plow
24:04
Caravan
25:10
Bow Saw
27:46
Gold Shaft Mining
27:33
Squires
30:14
Scale Mail Armor
30:06
Fletching
31:19
Town Watch
32:37
Forging
34:15
Stone Shaft Mining
35:21
Iron Casting
34:51
Padded Archer Armor
35:02
Pikeman
40:10
Imperial Age
37:50
Guard Tower
38:23
Ballistics
39:06
Chain Mail Armor
39:01
Bodkin Arrow
39:35
Leather Archer Armor
39:43
Murder Holes
40:28
Town Patrol
41:10
Wheelbarrow
42:44
Plate Mail Armor
43:26
Ring Archer Armor
43:00
Bracer
43:31
Andean Sling
45:17
Conscription
44:59
Fabric Shields
44:30
Sappers
45:38
Hand Cart
spiterman
15:17
Feudal Age
16:35
Town Watch
18:35
Double-Bit Axe
18:35
Horse Collar
19:58
Wheelbarrow
22:04
Castle Age
24:49
Bow Saw
25:40
Scale Barding Armor
25:36
Scale Mail Armor
25:27
Fletching
25:47
Forging
25:38
Padded Archer Armor
27:00
Stone Mining
27:01
Gold Mining
27:55
Hand Cart
29:11
Fortified Wall
29:26
Ballistics
29:06
Elite Skirmisher
29:54
Thumb Ring
32:39
Stone Shaft Mining
42:28
Bloodlines
42:19
Husbandry
41:40
Light Cavalry
42:37
Chatras
43:12
Chain Barding Armor
43:08
Chain Mail Armor
43:08
Leather Archer Armor
42:49
Bodkin Arrow
43:50
Caravan
44:21
Coinage
46:25
Imperial Age
47:08
Iron Casting
49:30
Chemistry
50:12
Paper Money
49:21
Imperial Skirmisher
Andrikreus
14:56
Feudal Age
19:49
Castle Age
19:04
Fletching
19:17
Horse Collar
19:27
Double-Bit Axe
22:06
Bow Saw
31:01
Ballistics
30:41
Bodkin Arrow
30:43
Gold Mining
31:29
Thumb Ring
30:45
Crossbowman
31:30
Padded Archer Armor
31:37
Heavy Plow
34:21
Imperial Age
32:37
Wheelbarrow
33:55
Leather Archer Armor
35:35
Hand Cart
36:44
Two-Man Saw
36:58
Chemistry
36:10
Fortified Wall
36:04
Bracer
36:34
Ring Archer Armor
36:11
Arbalester
36:33
Onager
37:42
Loom
39:31
Arson
39:46
Squires
39:32
Gambesons
40:18
Scale Mail Armor
40:29
Forging
39:59
Elite Skirmisher
40:14
Siege Onager
41:43
Masonry
41:33
Pikeman
42:35
Chain Mail Armor
42:56
Iron Casting
42:22
Halberdier
GILGAMESH
6:26
Loom
13:02
Feudal Age
19:09
Castle Age
17:48
Double-Bit Axe
22:01
Bow Saw
24:14
Padded Archer Armor
24:06
Fletching
27:14
Yeomen
27:43
Leather Archer Armor
27:55
Bow Saw
31:10
Wheelbarrow
32:32
Bodkin Arrow
35:48
Imperial Age
34:37
Ballistics
34:28
Masonry
34:55
Hand Cart
35:39
Squires
35:24
Arson
34:59
Pikeman
36:21
Elite Longbowman
38:51
Chemistry
40:05
Fortified Wall
39:34
Light Cavalry
40:15
Husbandry
41:32
Two-Man Saw
40:45
Warwolf
44:42
Halberdier